 Dungeon Crawl Stone Soup version 0.19-a0-1907-gcff654f (webtiles) character file.

19511 LORDOFBUTT the Severer (level 12, -5/107 HPs)
             Began as a Minotaur Fighter on Oct 21, 2016.
             Was an Initiate of Gozag.
             Slain by a soul eater (15 damage)
             ... summoned by an orc sorcerer
             ... while paralysed by an orc sorcerer
             ... on level 2 of the Orcish Mines.
             The game lasted 00:23:59 (12728 turns).

LORDOFBUTT the Severer (Minotaur Fighter)          Turns: 12728, Time: 00:24:00

Health: -5/107     AC: 13    Str: 22    XL:     12   Next: 37%
Magic:  15/15      EV:  2    Int:  5    God:    Gozag
Gold:   1340       SH:  0    Dex: 17    Spells: 0 memorised, 11 levels left

rFire  . . .     SeeInvis .     a - +1 war axe
rCold  . . .     Gourm    .     n - +5 scale mail of Ryajueg {Dex+3}
rNeg   . . .     Faith    .     c - +3 shield
rPois  +         Spirit   .     (helmet restricted)
rElec  .         Reflect  .     (no cloak)
rCorr  .         Harm     .     (no gloves)
MR     .....                    (no boots)
Stlth  ..........               (no amulet)
                                q - ring of poison resistance
                                G - +5 ring of evasion

@: paralysed, gold aura, drained
A: retaliatory headbutt, horns 2
a: Potion Petition, Call Merchant, Bribe Branch, Renounce Religion


You were on level 2 of the Orcish Mines.
You worshipped Gozag.
Gozag was most pleased with you.
You were very hungry.

You visited 4 branches of the dungeon, and saw 16 of its levels.
You also visited: Ossuary.

You collected 3006 gold pieces.
You spent 198 gold pieces at shops.
You paid 1468 gold pieces to Gozag.

Inventory:

Hand Weapons
 a - a +1 war axe (weapon)
Armour
 b - a +0 scale mail
 c - a +3 shield (worn)
 n - the +5 scale mail of Ryajueg (worn) {Dex+3}
   (You bought it in a shop on level 4 of the Dungeon)

   It affects your dexterity (+3).
Jewellery
 l - an uncursed ring of loudness
 q - a ring of poison resistance (right hand)
 r - a +3 ring of protection
 y - an uncursed ring of see invisible
 G - a +5 ring of evasion (left hand)
 J - an uncursed amulet of rage {unknown}
 N - an uncursed amulet of the gourmand {unknown}
 T - an uncursed ring of flight
Wands
 g - a wand of slowing (45/48)
 j - a wand of flame (26/48)
 x - a wand of polymorph (14/24)
 W - a wand of confusion (35/48)
 X - a wand of flame (31/48)
Scrolls
 i - 5 scrolls of amnesia
 p - 2 scrolls of noise
 s - 9 scrolls of remove curse
 w - 2 scrolls of fog {unknown}
 E - a scroll of identify
 H - 3 scrolls of teleportation
 K - 2 scrolls of magic mapping {unknown}
 M - a scroll of torment {unknown}
 R - a scroll of silence {unknown}
 U - a scroll of holy word {unknown}
 Z - 2 scrolls of acquirement {unknown}
Potions
 d - 4 potions of might
 e - 10 potions of lignification
 h - 9 potions of curing
 k - a potion of experience
 m - 2 potions of flight
 o - 4 potions of brilliance
 t - 2 potions of agility
 u - a potion of magic
 v - 2 potions of mutation
 z - 4 potions of haste
 A - a potion of ambrosia
 B - a potion of cancellation
 C - 3 potions of heal wounds
 D - 3 potions of berserk rage
 O - 3 potions of invisibility
 P - a potion of degeneration {unknown}
 Q - a potion of resistance {unknown}
Books
 F - a book of Cantrips

   Spells                             Type                      Level
   a - Confusing Touch                Hexes                        1
   b - Animate Skeleton               Necromancy                   1
   c - Summon Small Mammal            Summoning                    1
   d - Apportation                    Translocation                1
Comestibles
 f - 13 bread rations
 I - 13 fruits
 S - 2 royal jellies
 Y - a beef jerky


   Skills:
 + Level 10.4(9.2) Fighting
 * Level 15.0(13.7) Axes
 + Level 10.2(9.0) Armour
 - Level 3.6(2.6) Dodging
 - Level 0.8(0.0) Stealth
 + Level 10.7(9.5) Shields
 + Level 5.8(4.8) Evocations


You had 11 spell levels left.
You didn't know any spells.

Dungeon Overview and Level Annotations

Branches:
Dungeon (12/15)            Temple (1/1) D:7            Lair (1/6) D:10
    Orc (2/2) D:9
    Elf: Orc:2

Altars:
Ashenzari
Cheibriados
Dithmenos
Elyvilon
Fedhas
Gozag
Hepliaklqana
Kikubaaqudgha
Makhleb
Nemelex Xobeh
Okawaru
Qazlal
Ru
Sif Muna
Trog
Uskayaw
Vehumet
Xom
Yredelemnul
Zin
The Shining One

Shops:
D:4 =[   D:7 %   D:9 (   D:11 *   Orc:1 :


Innate Abilities, Weirdness & Mutations

You reflexively headbutt those who attack you in melee.
You have a pair of horns on your head.


Message History

The orc warrior hits you with a trident!
The orc warrior hits you from afar with a halberd!
The soul eater hits you!
The orc sorcerer casts a spell.
The orc warrior hits you with a trident.
The soul eater is distracted by the nearby gold.
The soul eater is no longer distracted by gold.
The orc warrior barely misses you.
The orc sorcerer gestures at you while chanting.
The bolt of negative energy hits you!
You feel drained.
* * * LOW HITPOINT WARNING * * *
The orc warrior hits you but does no damage.
The soul eater hits you!
* * * LOW HITPOINT WARNING * * *
The orc warrior hits you from afar with a halberd.
* * * LOW HITPOINT WARNING * * *
The orc sorcerer hits you but does no damage.
The soul eater hits you!
You die...
Your body crumbles into a pile of gold.

......#
########.......
#.....#........
#.....#....<...
+..⌠..#........
#.o...#........
#43oo.#........
###@###).....#
#......)....##
#....()[....#
##.........##
#.......###.#
##.......##....## ##
#.........#.....# ..
#...............##..
#.#........#....#...


You could see a soul eater, a chaos spawn, an orc sorcerer and 2 orc warriors.

Vanquished Creatures
  An orc warlord (D:9)
  An orc high priest (Orc:1)
  A hill giant (D:11)
  A deep elf mage (D:11)
  Joseph (D:9)
  Psyche (D:8)
  Maurice (D:11)
  3 komodo dragons
  3 trolls
  A two-headed ogre (Orc:2)
  8 blink frogs (Lair:1)
  2 shadows
  A wraith (D:11)
  11 yaks
  A wyvern (D:12)
  A vampire (D:10)
  A steam dragon (D:11)
  4 wargs
  2 water moccasins
  2 black bears
  2 sky beasts
  A hornet zombie (Ossuary)
  27 orc warriors
  2 ice beasts
  A swamp drake (D:10)
  An eye of draining (D:12)
  4 phantoms
  A necrophage (D:7)
  2 centaurs
  15 ogres
  3 big kobolds
  6 bullfrogs
  A gnoll sergeant (D:10)
  2 wyvern zombies (D:6)
  7 scorpions
  A water moccasin zombie (Ossuary)
  5 wights (D:7)
  3 howler monkeys
  An electric eel (D:7)
  3 crimson imps
  7 bullfrog zombies
  6 hounds
  3 jellies
  A centaur zombie (Ossuary)
  9 orc priests
  23 orc wizards
  A bullfrog skeleton (D:8)
  8 iguanas
  8 worker ants
  2 killer bee zombies (Ossuary)
  4 hound zombies
  A hound skeleton (D:4)
  13 mummies (Ossuary)
  4 worker ant zombies
  9 gnolls
  13 adders
  A howler monkey skeleton (D:9)
  5 oozes
  2 adder skeletons
  5 adder zombies
  2 worms (D:2)
  4 dart slugs
  5 leopard geckos
  113 orcs
  10 bats
  7 giant cockroaches
  12 goblins
  12 hobgoblins
  19 jackals
  3 quokkas
  2 ball pythons
  10 frilled lizards
  2 giant cockroach zombies (Ossuary)
  A jackal zombie (Ossuary)
  22 kobolds
  A leopard gecko skeleton (D:5)
  A leopard gecko zombie (Ossuary)
  A quokka skeleton (D:6)
  3 quokka zombies
  9 rats
  A rat zombie (D:8)
500 creatures vanquished.

Vanquished Creatures (others)
  A leopard gecko skeleton (D:7)
  A fungus (D:11)
2 creatures vanquished.

Grand Total: 502 creatures vanquished

Notes
Turn   | Place    | Note
-------+----------+-------------------------------------------
     0 | D:1      | LORDOFBUTT the Minotaur Fighter began the quest for the Orb.
     0 | D:1      | Reached XP level 1. HP: 19/19 MP: 0/0
    15 | D:1      | Reached XP level 2. HP: 27/27 MP: 1/1
   118 | D:1      | Reached XP level 3. HP: 28/33 MP: 2/2
   205 | D:1      | Reached skill level 3 in Axes
   632 | D:2      | Reached XP level 4. HP: 40/40 MP: 3/3
   767 | D:2      | Reached skill level 4 in Axes
  1111 | D:2      | Reached XP level 5. HP: 44/47 MP: 4/4
  1237 | D:2      | Found a sacrificial altar of Ru.
  1293 | D:3      | Reached skill level 1 in Dodging
  1478 | D:3      | Reached skill level 5 in Axes
  1846 | D:4      | Reached XP level 6. HP: 50/53 MP: 5/5
  1872 | D:4      | Reached skill level 5 in Shields
  2095 | D:4      | Reached skill level 6 in Axes
  2172 | D:4      | Reached skill level 5 in Armour
  2172 | D:4      | Reached XP level 7. HP: 43/60 MP: 6/6
  2233 | D:4      | Found Hebum's Jewellery Shoppe.
  2240 | D:4      | Found Hyosu's Antique Armour Emporium.
  2435 | D:4      | Reached skill level 5 in Fighting
  2661 | D:5      | Entered Level 5 of the Dungeon
  2943 | D:5      | Reached skill level 7 in Axes
  3181 | D:5      | Found a shimmering altar of Xom.
  3183 | D:5      | Found a shimmering altar of Xom.
  3186 | D:5      | Found a shimmering altar of Xom.
  3286 | D:5      | Reached XP level 8. HP: 69/69 MP: 7/7
  3295 | D:5      | Found a glowing golden altar of the Shining One.
  3296 | D:5      | Found a hazy altar of Hepliaklqana.
  3441 | D:6      | Reached skill level 8 in Axes
  4008 | D:6      | Reached skill level 9 in Axes
  4498 | D:7      | Found Gamuej's Food Emporium.
  4603 | D:7      | Reached XP level 9. HP: 24/75 MP: 8/8
  4852 | D:7      | Reached skill level 10 in Axes
  4867 | D:7      | Gained mutation: You occasionally shout uncontrollably at your foes. [mutagenic meat]
  4868 | D:7      | Gained mutation: Your body sometimes deteriorates upon taking damage. [mutagenic meat]
  5285 | D:7      | Found a staircase to the Ecumenical Temple.
  5454 | D:7      | Reached skill level 11 in Axes
  5522 | D:8      | Found a sand-covered staircase.
  5530 | Ossuary  | Entered an ossuary
  5759 | Ossuary  | Reached skill level 1 in Evocations
  5884 | Temple   | Entered the Ecumenical Temple
  5978 | Temple   | Became a worshipper of Gozag Ym Sagoz the Greedy
  5997 | D:8      | Noticed Psyche
  6008 | D:8      | Killed Psyche
  6008 | D:8      | Reached XP level 10. HP: 39/86 MP: 8/10
  6858 | D:4      | Bought a warped scale mail for 198 gold pieces
  6868 | D:4      | Identified the +5 scale mail of Ryajueg {Dex+3} (You bought it in a shop on level 4 of the Dungeon)
  7119 | D:9      | Reached skill level 12 in Axes
  7134 | D:9      | Found a staircase to the Orcish Mines.
  7225 | D:9      | Found a hide-covered altar of Uskayaw.
  7497 | D:9      | Noticed Joseph
  7505 | D:9      | Killed Joseph
  7597 | D:9      | Found a stormy altar of Qazlal.
  7845 | D:9      | Found a snail-covered altar of Cheibriados.
  8157 | Orc:1    | Entered Level 1 of the Orcish Mines
  8203 | D:10     | Entered Level 10 of the Dungeon
  8666 | D:10     | Found a staircase to the Lair.
  8680 | D:10     | Reached skill level 13 in Axes
  8680 | D:10     | Reached XP level 11. HP: 42/95 MP: 12/12
  9546 | Orc:1    | Found Ykhlutorgh's Book Shop.
  9716 | Orc:1    | Noticed an orc high priest
 10070 | Lair:1   | Entered Level 1 of the Lair of Beasts
 10186 | Lair:1   | Lost mutation: You occasionally shout uncontrollably at your foes. [potion of cure mutation]
 10186 | Lair:1   | Lost mutation: Your body sometimes deteriorates upon taking damage. [potion of cure mutation]
 10355 | Lair:1   | Noticed a five-headed hydra
 10830 | D:11     | Noticed a deep elf mage
 10831 | D:11     | Noticed a deep elf mage
 10831 | D:11     | Noticed Maurice
 10840 | D:11     | Killed a deep elf mage
 10843 | D:11     | Noticed a wizard
 10845 | D:11     | Reached skill level 14 in Axes
 10866 | D:11     | Killed Maurice
 10872 | D:11     | Identified the Papyrus of Plaster Cramp
 10888 | D:11     | Noticed a deep elf mage
 10905 | D:11     | Identified Ts'ui Pên's Grimoire of Forking Paths
 10912 | D:11     | Identified Anyen's Grimoire of Sand
 11265 | D:11     | Reached skill level 10 in Shields
 11385 | D:11     | Reached skill level 5 in Evocations
 11461 | D:11     | Noticed a hill giant
 11468 | D:11     | Killed a hill giant
 11714 | Orc:1    | Killed an orc high priest
 11714 | Orc:1    | Reached XP level 12. HP: 78/106 MP: 14/14
 11846 | Orc:1    | Noticed an orc warlord
 11854 | Orc:1    | Reached skill level 10 in Fighting
 11926 | D:9      | Killed an orc warlord
 11926 | D:9      | Reached skill level 10 in Armour
 12095 | Orc:2    | Entered Level 2 of the Orcish Mines
 12541 | Orc:2    | Reached skill level 15 in Axes
 12724 | Orc:2    | Paralysed by an orc sorcerer for 7 turns
 12728 | Orc:2    | Slain by a soul eater

Vault maps used:
D:1:      nicolae_arrival_washed_ashore, minmay_fountain_box,
          minmay_pentomino_u4
D:2:      marbit_many_paths, kennysheep_doodads, minmay_close_crescents
D:3:      first_bread, minmay_misc_feat_rows
D:4:      serial_shops, shop, nicolae_shop_behind_doors, minmay_cupped
D:5:      xom_redecorated, gammafunk_temple_overflow_statue, minmay_statues_item
D:7:      statuecave_lemuel, serial_shops, shop, grunt_ogre_cave, minivault_1,
          minmay_misc_feat_chi
D:8:      enter_ossuary_4, uniq_psyche
D:9:      grunt_qazlal_clouds, eat_drink_and_be_merry_uskayaw,
          lemuel_crystal_altar, erik_orc_3, uniq_joseph
D:10:     erik_lair_dragon, kennysheep_generic_room_7
D:11:     old_forge, bh_hangedman_babel_library, uniq_maurice
D:12:     minmay_connected_boxes_in_corner, uniq_harold, uniq_rupert
Temple:   nicolae_temple_great_sept
Lair:1:   lab_entry_generic, grunt_megastairs_5
Orc:1:    serial_shops, shop
Orc:2:    pubby_orc_utopia
Ossuary:  ossuary_zaba_flooded

Skill      XL: |  1  2  3  4  5  6  7  8  9 10 11 12 |
---------------+-------------------------------------+-----
Armour         | 4 5 6 7 8 9 10 | 10.2
Fighting       | 4 5 6 7 8 9 10 | 10.4
Shields        | 4 5 6 7 9 10 | 10.7
Axes           | 3 4 5 6 7 9 11 13 14 15 | 15.0
Dodging        | 1 2 3 |  3.6
Evocations     | 1 3 5 |  5.8
Stealth        | |  0.8

Action                   |  1- 3 |  4- 6 |  7- 9 | 10-12 || total
-------------------------+-------+-------+-------+-------++-------
Melee: War axe           |    78 |   165 |   441 |   787 ||  1471
       Headbutt          |    12 |    26 |   105 |   199 ||   342
Invok: Call Merchant     |       |       |       |     2 ||     2
       Potion Petition   |       |       |       |     1 ||     1
  Use: Scroll            |       |     5 |    11 |    16 ||    32
       Potion            |       |       |     1 |     2 ||     3
 Stab: Distracted        |       |       |       |     9 ||     9
  Eat: Chunk             |       |     2 |     2 |       ||     4
       Beef jerky        |       |     1 |     4 |     5 ||    10
       Fruit             |       |     5 |       |       ||     5
       Meat ration       |       |       |     1 |     1 ||     2
       Pizza             |       |       |       |     2 ||     2
       Bread ration      |       |       |       |     1 ||     1
Armor: Scale mail        |    43 |    73 |    81 |   105 ||   302
Dodge: Dodged            |    23 |    49 |   161 |   284 ||   517
Block: Shield            |    44 |    99 |   186 |   406 ||   735
